 Dungeon Crawl Stone Soup version 0.28-a0-863-g8cecda6153 (webtiles) character file.

Game seed: 9234690598189992188

68 mcbry74 the Skirmisher (level 4, -2/40 HPs)
             Began as a Hill Orc Fighter on Nov 17, 2021.
             Was a Believer of Lugonu.
             Slain by a gnoll (4 damage)
             ... on level 2 of the Dungeon.
             The game lasted 00:04:15 (1135 turns).

mcbry74 the Skirmisher (Hill Orc Fighter)           Turns: 1135, Time: 00:04:16

Health: -2/40      AC:  8    Str: 18    XL:     4   Next: 19%
Magic:  4/4        EV:  9    Int:  9    God:    Lugonu [**....]
Gold:   72         SH:  4    Dex: 10    Spells: 3/3 levels left

rFire   . . .      SeeInvis .   a - +0 war axe
rCold   . . .      Faith    .   c - +0 buckler
rNeg    . . .      Spirit   .   b - +0 scale mail
rPois   .          Reflect  .   (no helmet)
rElec   .          Harm     .   (no cloak)
rCorr   .          Rampage  .   (no gloves)
Will    .....                   h - +0 pair of boots
Stlth   ..........              (no amulet)
HPRegen 0.13/turn               (no ring)
MPRegen 0.09/turn               (no ring)

@: no status effects
A: no striking features
a: Renounce Religion, Depart the Abyss, Bend Space


You were on level 2 of the Dungeon.
You worshipped Lugonu.
Lugonu was pleased with you.
You visited 1 branch of the dungeon, and saw 2 of its levels.

You collected 72 gold pieces.

Inventory:

Hand Weapons
 a - a +0 war axe (weapon)
Armour
 b - a +0 scale mail (worn)
 c - a +0 buckler (worn)
 h - a +0 pair of boots (worn)
Scrolls
 e - a scroll of fear {unknown}
 g - 2 scrolls of noise {unknown}
 i - a scroll of immolation {unknown}
Potions
 d - 2 potions of might
 f - a potion of curing {unknown}
 j - a potion of brilliance {unknown}


   Skills:
 + Level 4.1 Fighting
 * Level 4.1 Axes
 + Level 3.8 Armour
 + Level 3.8 Shields


You had 3 spell levels left.
You didn't know any spells.
Your spell library was empty.

Dungeon Overview and Level Annotations

Branches:
Dungeon (2/15)

Altars:
Lugonu


Message History

The gnoll closely misses you. The gnoll hits you but does no damage.
You slash the gnoll!
You kill the gnoll!
Lugonu accepts your kill. The gnoll closely misses you.
Your Axes skill increases to level 4!
You have reached level 4!
The gnoll barely misses you. x2
Things that are here:
a +0 spear; a gnoll corpse You slash the gnoll!
The gnoll is almost dead.
You hit the gnoll. The gnoll hits you with a +0 flail.
The gnoll closely misses you.
You barely miss the gnoll.
The gnoll is almost dead.
You hit the gnoll. The gnoll hits you but does no damage.
You block the gnoll's attack. The gnoll barely misses you.
You closely miss the gnoll.
The gnoll is almost dead.
You closely miss the gnoll. The gnoll hits you with a +0 spear!
* * * LOW HITPOINT WARNING * * *
The gnoll hits you with a +0 flail.
* * * LOW HITPOINT WARNING * * *
The gnoll hits you with a +0 spear.
* * * LOW HITPOINT WARNING * * *
You barely miss the gnoll.
The gnoll is almost dead.
You barely miss the gnoll. The gnoll barely misses you.
The gnoll hits you with a +0 spear.
* * * LOW HITPOINT WARNING * * *
You hit the gnoll.
You kill the gnoll!
Lugonu accepts your kill.
You barely miss the gnoll. The gnoll hits you but does no damage.
The gnoll barely misses you.
You slash the gnoll!
The gnoll is almost dead.
The gnoll hits you with a +0 flail.
You die...

#. #.# #.##.# .....
#.≈### ...#
#.#.≈≈≈≈≈.≈≈≈≈ #..#
#..?.......... #..#
#...≈≈≈≈≈.≈≈≈≈
#.g####.#.≈# #≈.≈# #
#.)@......≈# #≈.≈# #
#.#####.).≈###≈.≈###
#....# #..≈≈≈≈≈.≈≈≈≈
#g#### ##...........
#.#########?#....#.#
#...gg.g....######.#
############# #.#
#.# #.#


You could see a gnoll.

Vanquished Creatures
  3 gnolls (D:2)
  An adder skeleton (D:2)
  A worm (D:2)
  3 dart slugs
  4 ball pythons
  4 endoplasms
  2 hobgoblins (D:1)
  A kobold (D:1)
  A quokka (D:2)
  4 bats
  2 frilled lizards
  3 rats (D:1)
29 creatures vanquished.

Notes
Turn   | Place    | Note
-------+----------+-------------------------------------------
     0 | D:1      | mcbry74 the Hill Orc Fighter began the quest for the Orb.
     0 | D:1      | Reached XP level 1. HP: 19/19 MP: 1/1
   174 | D:1      | Reached XP level 2. HP: 26/27 MP: 2/2
   674 | D:2      | Reached XP level 3. HP: 33/33 MP: 3/3
  1014 | D:2      | Found a faded altar of an unknown god.
  1022 | D:2      | Prayed at the altar of an unknown god.
  1022 | D:2      | Became a worshipper of Lugonu the Unformed
  1022 | D:2      | Reached * piety under Lugonu
  1022 | D:2      | Reached ** piety under Lugonu
  1129 | D:2      | Reached XP level 4. HP: 19/40 MP: 4/4
  1133 | D:2      | HP: 2/40 [gnoll (4)]
  1135 | D:2      | Slain by a gnoll

Illustrated notes

Levels and vault maps discovered:
D:1:      mrwooster_arrival_statue_2, layout_loops_ring, serial_forest,
          infiniplex_forest_clump_long, infiniplex_forest_corner_1,
          infiniplex_forest_zigzag_2, infiniplex_forest_end_2,
          infiniplex_forest_clump_long, infiniplex_forest_split,
          infiniplex_forest_lined_1, infiniplex_forest_diagonal
D:2:      layout_basic, chequers_ecumenical_altar_simple, kennysheep_cross_room,
          kennysheep_boxes

Skill      XL: |  1  2  3 |
---------------+----------+-----
Axes           | 3 4 |  4.1
Fighting       | 4 |  4.1
Armour         | |  3.8
Shields        | |  3.8

Action                   |  1- 3 |  4- 6 || total
-------------------------+-------+-------++-------
Melee: War axe           |    59 |     6 ||    65
Armor: Scale mail        |    28 |     2 ||    30
Dodge: Dodged            |    24 |     6 ||    30
Block: Buckler           |     8 |     1 ||     9

Table legend: (Time is in decaauts)
 A = Elapsed time spent in this place.
 B = Non-inter-level travel time spent in this place.
 C = Inter-level travel time spent in this place.
 D = Time resting spent in this place.
 E = Time spent auto-exploring this place.
 F = Levels seen in this place.
 G = Mean time per level.
                   A        B        C        D        E       F      G
               +--------+--------+--------+--------+--------+-----+--------+
         Total |   1156 |   1156 |      0 |     49 |    813 |   2 |  578.0 |
       Dungeon |   1156 |   1156 |      0 |     49 |    813 |   2 |  578.0 |
               +--------+--------+--------+--------+--------+-----+--------+

Top non-repeatable levels by time:
     D:1: 638 daAuts
     D:2: 518 daAuts
